[Event "Titled Tuesday Blitz October 11 Late 2022"]
[White "Kukula, Pawel"]
[Black "Sai Krishna G V"]
[WhiteFideId "1115081"]
[BlackFideId "5028280"]
[WhiteElo "2062"]
[BlackElo "2359"]
[Result "0-1"]
[Round "05"]
[TimeControl "180+1"]
[Date "2022.10.12"]
[WhiteClock "0:00:02"]
[BlackClock "0:00:41"]

1. c4 g6 2. Nf3 Bg7 3. Nc3 c5 4. e3 Nc6 5. d4 d6 6. Be2 Nf6 7. O-O O-O 8. b3 Nd7 9. Bb2 a6 10. Rc1 Rb8 11. Qc2 Qa5 12. Rfd1 b5 13. dxc5 Nxc5 14. cxb5 axb5 15. Nd4 Nb4 16. Qb1 e5 17. Nc2 Bf5 18. e4 Nxe4 19. Nxe4 Bxe4 20. Bc3 Qxa2 21. Nxb4 Qxe2 22. Qb2 Qg4 23. f3 Bxf3 24. Rxd6 Rfc8 25. Rd3 e4 26. Rd2 e3 27. h3 exd2 28. hxg4 dxc1=Q+ 29. Qxc1 Rxc3 30. Qf4 Re8 31. gxf3 Rxb3 32. Nd5 Rb2 33. Kf1 Ra8 34. Qc1 Rh2 35. Kg1 Ra1 36. Qxa1 Bxa1 37. Kxh2 Kg7 38. Kg2 Kh6 39. Kg3 g5 40. f4 f6 41. f5 Kg7 42. Kf3 Be5 43. Ke4 h5 44. Kf3 h4 45. Kg2 Kf7 46. Kh3 Ke8 47. Kg2 Kd7 48. Kf3 Kc6 49. Ne3 Kc5 0-1


[Site "https://www.chess.com"]

[Event "Titled Tuesday Blitz October 11 Late 2022"]
[White "Lazavik, Denis"]
[Black "Donchenko, Alexander"]
[WhiteFideId "13515110"]
[BlackFideId "24603295"]
[WhiteElo "2437"]
[BlackElo "2572"]
[Result "1-0"]
[Round "05"]
[TimeControl "180+1"]
[Date "2022.10.11"]
[WhiteClock "0:00:05"]
[BlackClock "0:00:01"]

1. d4 d5 2. c4 dxc4 3. Nf3 a6 4. e3 e6 5. Bxc4 Nf6 6. O-O c5 7. b3 Nbd7 8. Bb2 Be7 9. Nbd2 O-O 10. dxc5 Nxc5 11. b4 Nd3 12. Bxd3 Qxd3 13. a3 b6 14. Ne5 Qd5 15. Qe2 Bb7 16. f3 Rfc8 17. e4 Qd8 18. Ndc4 a5 19. Rfd1 Qc7 20. b5 Rd8 21. a4 Rxd1+ 22. Rxd1 Rd8 23. Rxd8+ Qxd8 24. Qd3 Bc5+ 25. Kf1 Qc7 26. Bd4 h6 27. Bxc5 Qxc5 28. Qd6 Qc8 29. Qxb6 Kh7 30. Qd4 Nh5 31. Nxf7 Ba8 32. Nfd6 Qf8 33. b6 Qf4 34. Kg1 Qc1+ 35. Kf2 Qf4 36. g3 Qc1 37. Qd2 Qb1 38. Nb5 Nf6 39. Ncd6 Bc6 40. b7 Bxb7 41. Nxb7 Qa1 42. Nc5 e5 43. Nc3 Qa3 44. Nd3 Qd6 45. Kg2 Qd4 46. Ne2 Qxa4 47. Nxe5 Qb5 48. Nd3 a4 49. Nc3 Qc4 50. e5 Nd7 51. Nb2 Qb3 52. Nbxa4 Nxe5 53. Nc5 Qc4 54. N5e4 Nd3 55. Qe2 Qa6 56. h4 Qc4 57. Kh2 Qd4 58. Nd1 Ne5 59. Ndf2 Qc3 60. Kg2 Qd4 61. Qd2 Qc4 62. Qf4 Ng6 63. Qf5 Qe2 64. h5 Kh8 65. hxg6 1-0


[Site "https://www.chess.com"]

[Event "Titled Tuesday Blitz October 11 Late 2022"]
[White "Le Goff, Ronan"]
[Black "Kaganskiy, Gleb"]
[WhiteFideId "612073"]
[BlackFideId "4132025"]
[WhiteElo "2276"]
[BlackElo "2165"]
[Result "1-0"]
[Round "05"]
[TimeControl "180+1"]
[Date "2022.10.12"]
[WhiteClock "0:02:12"]
[BlackClock "0:00:36"]

1. e4 e6 2. d4 d5 3. e5 c5 4. c3 Qb6 5. Nf3 Nc6 6. a3 c4 7. Be2 Na5 8. Nbd2 Bd7 9. O-O Ne7 10. Nh4 g5 11. Nhf3 h6 12. Ne1 Nc8 13. f4 Qc7 14. Bh5 Rh7 15. Nc2 Nb6 16. Ne3 O-O-O 17. f5 Nb3 18. Nxb3 Ba4 19. fxe6 fxe6 20. Qg4 Bxb3 21. Qxe6+ Kb8 22. Bd2 Re7 23. Qg4 Bg7 24. Nf5 Red7 25. e6 1-0


[Site "https://www.chess.com"]

[Event "Titled Tuesday Blitz October 11 Late 2022"]
[White "Lopez Perdomo, Juan David"]
[Black "Romero Ruscalleda, Josep"]
[WhiteFideId "4405137"]
[BlackFideId "2231859"]
[WhiteElo "1965"]
[BlackElo "2360"]
[Result "0-1"]
[Round "05"]
[TimeControl "180+1"]
[Date "2022.10.12"]
[WhiteClock "0:00:57"]
[BlackClock "0:01:35"]

1. e4 g6 2. d4 Bg7 3. Nf3 d6 4. Bc4 Nf6 5. Nc3 O-O 6. h3 Nxe4 7. Nxe4 d5 8. Bd3 dxe4 9. Bxe4 Nd7 10. O-O Nf6 11. Bd3 Qd6 12. c3 c5 13. dxc5 Qxc5 14. Be3 Qc7 15. Qa4 Bd7 16. Qh4 Bc6 17. Nd4 Bd5 18. Rfe1 a6 19. Bf4 Qc5 20. b4 Qxc3 21. Rad1 Qxd4 22. Bxg6 Qxb4 23. Rxd5 fxg6 24. Rde5 Nh5 25. Rxh5 Qxe1+ 0-1


[Site "https://www.chess.com"]

[Event "Titled Tuesday Blitz October 11 Late 2022"]
[White "Luxama, Jacques Muller"]
[Black "Borawski, Jakub"]
[WhiteFideId "11900113"]
[BlackFideId "1143000"]
[WhiteElo "1931"]
[BlackElo "2122"]
[Result "0-1"]
[Round "05"]
[TimeControl "180+1"]
[Date "2022.10.12"]
[WhiteClock "0:01:07"]
[BlackClock "0:00:45"]

1. e4 e6 2. d4 d5 3. Nc3 Nf6 4. e5 Nfd7 5. f4 c5 6. Nf3 Nc6 7. Be3 cxd4 8. Nxd4 Qb6 9. a3 Bc5 10. Na4 Qa5+ 11. c3 Bxd4 12. Bxd4 Nxd4 13. Qxd4 b6 14. Qb4 Qxb4 15. cxb4 f6 16. Bb5 Ke7 17. Bxd7 Bxd7 18. Nc3 Rac8 19. Kd2 Rc4 20. g3 g5 21. exf6+ Kxf6 22. fxg5+ Kxg5 23. Rae1 Rf8 24. Rhf1 Rxf1 25. Rxf1 Bc6 26. b3 Rd4+ 27. Ke3 Rg4 28. Ne2 Re4+ 29. Kd2 Rxe2+ 30. Kxe2 Bb5+ 31. Kf2 Bxf1 32. Kxf1 d4 33. Ke2 Kg4 34. Kf2 Kh3 35. Kf3 Kxh2 36. a4 e5 37. b5 d3 38. Ke3 e4 39. g4 Kg3 40. g5 Kg4 41. g6 hxg6 42. a5 bxa5 43. b6 axb6 44. b4 axb4 0-1


[Site "https://www.chess.com"]

[Event "Titled Tuesday Blitz October 11 Late 2022"]
[White "Makaraci, Tunahan"]
[Black "Aguilar, Juan"]
[WhiteFideId "6356559"]
[BlackFideId "3800091"]
[WhiteElo "2175"]
[BlackElo "2382"]
[Result "0-1"]
[Round "05"]
[TimeControl "180+1"]
[Date "2022.10.12"]
[WhiteClock "0:00:12"]
[BlackClock "0:00:06"]

1. e4 c5 2. Nf3 d6 3. d4 cxd4 4. Nxd4 Nf6 5. Nc3 a6 6. Bc4 e6 7. Bb3 b5 8. Bg5 Be7 9. Qf3 Qb6 10. O-O-O Qb7 11. Nf5 exf5 12. Bxf6 Bxf6 13. Bd5 Qa7 14. exf5 O-O 15. Bxa8 Nd7 16. Bd5 Nc5 17. h4 b4 18. Ne4 Nxe4 19. Bxe4 Qc5 20. Rd5 Qc4 21. Kb1 Bb7 22. Rhd1 Re8 23. R5d4 Bxd4 24. Bxb7 Re2 25. Be4 Rxf2 26. Qg3 h6 27. Qxd6 Bf6 28. Qb6 Qxe4 29. Qxf2 Qe5 30. c4 bxc3 31. b3 c2+ 32. Kxc2 Qb2+ 33. Kd3 Qxf2 34. Kc4 Qxf5 35. Rd3 Kh7 36. Rd5 Qe6 37. Kc5 Be7+ 38. Kd4 Qe1 39. Kc4 Qg1 40. Rd3 Qxg2 41. a4 Qc6+ 42. Kd4 Bf6+ 43. Ke3 Qe6+ 44. Kd2 Qe5 45. Kc2 Qh2+ 46. Kd1 Qxh4 0-1


[Site "https://www.chess.com"]

[Event "Titled Tuesday Blitz October 11 Late 2022"]
[White "Maksimovic, Bojan"]
[Black "Aghasiyev, Kamal"]
[WhiteFideId "14408120"]
[BlackFideId "13402854"]
[WhiteElo "2447"]
[BlackElo "2341"]
[Result "1-0"]
[Round "05"]
[TimeControl "180+1"]
[Date "2022.10.12"]
[WhiteClock "0:00:16"]
[BlackClock "0:00:04"]

1. e4 e5 2. Nf3 Nc6 3. Bb5 a6 4. Ba4 Nf6 5. O-O b5 6. Bb3 Bc5 7. c3 d6 8. d4 Bb6 9. Be3 Bb7 10. Nbd2 O-O 11. h3 h6 12. Re1 Re8 13. d5 Ne7 14. Bxb6 cxb6 15. Bc2 Ng6 16. Bd3 Nh5 17. Bf1 Bc8 18. g3 Ra7 19. Rc1 Rc7 20. Kh2 Rf8 21. a3 Nf6 22. c4 bxc4 23. Rxc4 Rxc4 24. Nxc4 b5 25. Ncd2 Nh7 26. Qe2 f5 27. exf5 Bxf5 28. Ne4 Qb6 29. Bg2 Nf6 30. Nxf6+ Rxf6 31. Nd2 Bc2 32. Kg1 Qd4 33. Ne4 Bxe4 34. Bxe4 Ne7 35. Rd1 Qc5 36. Qd2 Nf5 37. Rc1 Qd4 38. Rc8+ Rf8 39. Qxd4 Nxd4 40. Rc7 a5 41. Ra7 Rc8 42. Rxa5 Rc1+ 43. Kg2 Re1 44. Bg6 Kf8 45. Ra7 Re2 46. Rf7+ Ke8 47. Kf1 Rxb2 48. a4 Kd8 49. axb5 Rxb5 50. Be4 g5 51. Rf6 Rb2 52. Rxd6+ Ke7 53. Rxh6 Re2 54. d6+ Kd7 55. Bf5+ Kc6 56. d7+ Kc7 57. Rh8 1-0


[Site "https://www.chess.com"]

[Event "Titled Tuesday Blitz October 11 Late 2022"]
[White "Mazurkiewicz, Michal"]
[Black "Curtis, John"]
[WhiteFideId "1124943"]
[BlackFideId "3200256"]
[WhiteElo "2063"]
[BlackElo "2203"]
[Result "1-0"]
[Round "05"]
[TimeControl "180+1"]
[Date "2022.10.12"]
[WhiteClock "0:00:35"]
[BlackClock "0:00:01"]

1. e4 c5 2. Nf3 d6 3. g3 g6 4. Bg2 Bg7 5. O-O Nc6 6. d3 Nf6 7. Re1 O-O 8. e5 Ng4 9. exd6 exd6 10. Nc3 d5 11. Bg5 Bf6 12. Bxf6 Nxf6 13. Ne5 Re8 14. Nxc6 bxc6 15. Qd2 Rxe1+ 16. Rxe1 Be6 17. Na4 Nd7 18. Qc3 Qf8 19. Qa5 Qd8 20. Qc3 Qf8 21. h4 a5 22. h5 Qg7 23. Qa3 Qf8 24. c3 Rb8 25. c4 Ra8 26. Nc3 Nf6 27. hxg6 hxg6 28. Qa4 Qc8 29. Qa3 Qf8 30. Na4 Nd7 31. Qb3 Rb8 32. Qc3 Rb4 33. b3 dxc4 34. dxc4 Qg7 35. Qxg7+ Kxg7 36. Bxc6 Kf6 37. Bxd7 Bxd7 38. Nxc5 Bf5 39. Rd1 g5 40. Rd6+ Ke5 41. Ra6 Kd4 42. Rxa5 Rb8 43. Na4 Re8 44. Rxf5 Re1+ 45. Kg2 g4 46. Rf4+ Kd3 47. Rxg4 Re2 48. Rf4 Rxa2 49. Rxf7 Ra3 50. g4 Kd4 51. Rd7+ Ke5 52. Rb7 Kf4 53. c5 Ra1 54. c6 Rc1 55. c7 Kxg4 56. Rb4+ Kf5 57. Rc4 Rxc4 58. bxc4 1-0


[Site "https://www.chess.com"]

[Event "Titled Tuesday Blitz October 11 Late 2022"]
[White "Melikyan, Gnel"]
[Black "Ballester Llagaria, Luis Eduardo"]
[WhiteFideId "54109990"]
[BlackFideId "2297620"]
[WhiteElo "2138"]
[BlackElo "2344"]
[Result "0-1"]
[Round "05"]
[TimeControl "180+1"]
[Date "2022.10.12"]
[WhiteClock "0:00:29"]
[BlackClock "0:00:18"]

1. d4 d5 2. c4 dxc4 3. e3 Nf6 4. Bxc4 e6 5. Nf3 a6 6. O-O b5 7. Bb3 Bb7 8. Nc3 c5 9. dxc5 Qxd1 10. Rxd1 Bxc5 11. Bd2 Nbd7 12. Rac1 Ke7 13. Ne2 Rac8 14. Ned4 Rhd8 15. Ba5 Bb6 16. Bb4+ Ke8 17. a3 Rxc1 18. Rxc1 Rc8 19. Rxc8+ Bxc8 20. Kf1 Bb7 21. Bd1 Nd5 22. Bd2 Nc5 23. Bc2 g6 24. Ke2 Ke7 25. b4 Nd7 26. a4 e5 27. a5 exd4 28. axb6 dxe3 29. fxe3 N7xb6 30. e4 Nc7 31. Be3 Nc4 32. Bc5+ Ke8 33. Nd4 Kd7 34. Bb3 Bxe4 35. g3 Bd5 36. Nf3 f6 37. Ne1 Ne6 38. Bf2 Kc6 39. Nd3 Ne5 40. Nc1 Bxb3 41. Nxb3 Nc4 42. Kd3 Kd5 43. Kc3 Ng5 44. Nc5 Ne4+ 45. Nxe4 Kxe4 46. Bd4 f5 47. Bf6 Kf3 48. Kd4 Kg2 49. Kc5 Kxh2 50. Bh4 Kh3 51. Kc6 f4 52. gxf4 Kxh4 53. Kb7 Kg4 54. Kxa6 Na3 55. f5 gxf5 0-1


[Site "https://www.chess.com"]

[Event "Titled Tuesday Blitz October 11 Late 2022"]
[White "Melkumyan, Hrant"]
[Black "Wieczorek, Oskar"]
[WhiteFideId "13302485"]
[BlackFideId "1133950"]
[WhiteElo "2604"]
[BlackElo "2404"]
[Result "1-0"]
[Round "05"]
[TimeControl "180+1"]
[Date "2022.10.11"]
[WhiteClock "0:01:20"]
[BlackClock "0:00:31"]

1. Nf3 Nf6 2. c4 g6 3. Nc3 Bg7 4. e4 O-O 5. d4 c5 6. d5 d6 7. h3 e6 8. Bd3 Na6 9. O-O Nc7 10. Bg5 h6 11. Be3 exd5 12. exd5 b5 13. Qd2 bxc4 14. Bxc4 Kh7 15. Rfe1 Rb8 16. b3 a6 17. Rad1 Nb5 18. Ne2 Ne4 19. Qc2 Bf5 20. g4 Nxf2 21. gxf5 Nxd1 22. Qxd1 Qf6 23. Bd3 Rbe8 24. Nf4 Nc3 25. Qc2 gxf5 26. Bxf5+ Kh8 27. Nh5 Qd8 28. Nxg7 Kxg7 1-0


[Site "https://www.chess.com"]

[Event "Titled Tuesday Blitz October 11 Late 2022"]
[White "Mikhailov, Viacheslav"]
[Black "Svane, Rasmus"]
[WhiteFideId "4187369"]
[BlackFideId "4657101"]
[WhiteElo "2381"]
[BlackElo "2674"]
[Result "0-1"]
[Round "05"]
[TimeControl "180+1"]
[Date "2022.10.11"]
[WhiteClock "0:00:33"]
[BlackClock "0:01:27"]

1. Nf3 d5 2. g3 g6 3. Bg2 Bg7 4. c4 dxc4 5. O-O Nc6 6. Na3 e5 7. Nxc4 e4 8. Ne1 Be6 9. Ne3 f5 10. d3 Nf6 11. dxe4 Qxd1 12. Nxd1 Nxe4 13. Nd3 O-O-O 14. Be3 Bc4 15. Rc1 Bxd3 16. exd3 Rxd3 17. Bxe4 fxe4 18. Nc3 Bxc3 19. bxc3 Ne5 20. Kg2 Nf3 21. h4 Rhd8 22. h5 g5 23. h6 Kd7 24. Rb1 b6 25. Rfc1 c5 26. a4 Kc6 27. a5 b5 28. a6 R8d6 29. Rb2 Rxh6 30. g4 Rxe3 0-1


[Site "https://www.chess.com"]

[Event "Titled Tuesday Blitz October 11 Late 2022"]
[White "Mirzoev, Azer"]
[Black "Remolar Gallen, Jose"]
[WhiteFideId "13400304"]
[BlackFideId "2215187"]
[WhiteElo "2525"]
[BlackElo "2214"]
[Result "1-0"]
[Round "05"]
[TimeControl "180+1"]
[Date "2022.10.12"]
[WhiteClock "0:00:15"]
[BlackClock "0:00:05"]

1. Nf3 g6 2. c4 Bg7 3. Nc3 Nf6 4. g3 O-O 5. Bg2 d6 6. O-O Nc6 7. d4 a6 8. h3 Bd7 9. e4 e5 10. d5 Nd4 11. Nxd4 exd4 12. Qxd4 Qc8 13. e5 dxe5 14. Qh4 Nh5 15. c5 f5 16. Qc4 Kh8 17. Re1 e4 18. Bd2 Be5 19. Rad1 Qe8 20. Bh6 Rf7 21. a4 b5 22. axb5 Bxb5 23. Qb4 Rb8 24. Qa3 Bd3 25. d6 cxd6 26. cxd6 Qd7 27. Rxd3 exd3 28. Rxe5 d2 29. Bxd2 f4 30. g4 f3 31. Bf1 Nf4 32. Bxf4 Rxf4 33. Nd5 Rxg4+ 34. Kh2 Rh4 35. Re7 Qf5 36. Qc3+ Kg8 37. Qg7# 1-0


[Site "https://www.chess.com"]

[Event "Titled Tuesday Blitz October 11 Late 2022"]
[White "Nakamura, Hikaru"]
[Black "Holt, Conrad"]
[WhiteFideId "2016192"]
[BlackFideId "2034387"]
[WhiteElo "2909"]
[BlackElo "2592"]
[Result "1-0"]
[Round "05"]
[TimeControl "180+1"]
[Date "2022.10.11"]
[WhiteClock "0:00:38"]
[BlackClock "0:00:04"]

1. Nf3 d5 2. g3 Bf5 3. c4 dxc4 4. Qa4+ Nd7 5. Bg2 c6 6. Qxc4 e5 7. d3 Ngf6 8. O-O Be7 9. b3 O-O 10. Bb2 Qc7 11. Nbd2 Rad8 12. Rac1 Rfe8 13. e4 Be6 14. Qc2 Bf8 15. d4 exd4 16. Nxd4 Bg4 17. Nc4 c5 18. Nb5 Qc6 19. a4 a6 20. e5 Bf3 21. Na5 Qe4 22. Qxe4 Bxe4 23. Nc7 Rxe5 24. Bxe5 Nxe5 25. Rfd1 Rc8 26. Nd5 Nf3+ 27. Bxf3 Bxf3 28. Nxf6+ gxf6 29. Re1 Bh6 30. Rc2 b5 31. h3 Kg7 32. axb5 axb5 33. b4 c4 34. Nb3 cxb3 35. Rxc8 Bd2 36. Rb1 Bxb4 37. Rxb3 Bb7 38. Rb8 1-0


[Site "https://www.chess.com"]

[Event "Titled Tuesday Blitz October 11 Late 2022"]
[White "Nasuta, Grzegorz"]
[Black "Rubio Tent, Francisco"]
[WhiteFideId "1141686"]
[BlackFideId "2238233"]
[WhiteElo "2442"]
[BlackElo "2211"]
[Result "1/2-1/2"]
[Round "05"]
[TimeControl "180+1"]
[Date "2022.10.12"]
[WhiteClock "0:00:02"]
[BlackClock "0:00:09"]

1. e4 c6 2. d4 d5 3. e5 Bf5 4. Nf3 e6 5. Be2 Ne7 6. O-O Nd7 7. a4 c5 8. c3 Nc6 9. Be3 Be7 10. Na3 O-O 11. h3 h6 12. Bd3 Bxd3 13. Qxd3 Qb6 14. Nc2 Rac8 15. Rfb1 cxd4 16. cxd4 Nb4 17. Nxb4 Bxb4 18. a5 Bxa5 19. Qa3 Bb4 20. Qxa7 Ra8 21. Qxa8 Rxa8 22. Rxa8+ Kh7 23. Rc1 Nf8 24. h4 Kg6 25. Rcc8 Nd7 26. Rh8 h5 27. Rag8 Bf8 28. Rh6+ Kf5 29. Rxh5+ Ke4 30. Ng5+ Kd3 31. Nxf7 Qxb2 32. Rhh8 Be7 33. h5 Qb1+ 34. Kh2 Ke2 35. Rxg7 Qf5 36. Rg3 Bh4 37. Rh3 Bxf2 38. Bxf2 Qxf2 39. h6 Qxf7 40. h7 Qf4+ 41. Rg3 Qh4+ 42. Rh3 Qf4+ 43. Kh1 Qf1+ 44. Kh2 Qf4+ 1/2-1/2


[Site "https://www.chess.com"]

[Event "Titled Tuesday Blitz October 11 Late 2022"]
[White "Ovezdurdyyeva, Jemal"]
[Black "Shandrygin, Nikita"]
[WhiteFideId "14001888"]
[BlackFideId "24198668"]
[WhiteElo "1961"]
[BlackElo "2323"]
[Result "0-1"]
[Round "05"]
[TimeControl "180+1"]
[Date "2022.10.12"]
[WhiteClock "0:00:09"]
[BlackClock "0:00:09"]

1. e4 c5 2. Nf3 e6 3. c3 Nf6 4. Bd3 d5 5. exd5 Nxd5 6. O-O Be7 7. Bc2 O-O 8. d4 cxd4 9. cxd4 b6 10. Nc3 Bb7 11. a3 Nc6 12. Qd3 f5 13. Re1 Qd7 14. Bb3 Na5 15. Ba2 Rad8 16. b4 Nc6 17. Bb2 Bf6 18. Ne5 Nxe5 19. dxe5 Be7 20. Rad1 Kh8 21. Qg3 f4 22. Qh3 f3 23. Bb1 h6 24. Qg4 Nxc3 25. Rxd7 Ne2+ 26. Rxe2 fxe2 27. Qxe2 Rxd7 28. h3 Bg5 29. Qg4 Rd2 30. Bc1 Rdxf2 31. Bxg5 Rxg2+ 32. Qxg2 Bxg2 33. Be7 Rf7 34. Kxg2 Rxe7 35. Ba2 Kg8 36. Kf3 Kf7 37. Ke4 Rc7 38. Kd4 Ke7 39. Bc4 a5 40. bxa5 bxa5 41. a4 g5 42. Bb5 Rc1 43. Bc4 h5 44. Kc5 g4 45. hxg4 hxg4 46. Kb5 Rxc4 0-1


[Site "https://www.chess.com"]

[Event "Titled Tuesday Blitz October 11 Late 2022"]
[White "Paravyan, David"]
[Black "Rasulov, Vugar"]
[WhiteFideId "4194985"]
[BlackFideId "13402390"]
[WhiteElo "2555"]
[BlackElo "2509"]
[Result "0-1"]
[Round "05"]
[TimeControl "180+1"]
[Date "2022.10.11"]
[WhiteClock "0:00:30"]
[BlackClock "0:00:27"]

1. d4 Nf6 2. c4 e6 3. Nf3 d5 4. Nc3 Bb4 5. Bg5 O-O 6. e3 c5 7. cxd5 exd5 8. dxc5 Nbd7 9. Rc1 Qa5 10. Nd2 Ne4 11. Ncxe4 dxe4 12. a3 Bxc5 13. b4 Bxb4 14. axb4 Qxg5 15. Nxe4 Qg6 16. Ng3 Qb6 17. Qa4 a5 18. b5 Nc5 19. Qd4 Nd7 20. Nf5 Qxd4 21. Nxd4 b6 22. Rc7 a4 23. Bc4 Ne5 24. Bd5 Ra5 25. f4 Ng4 26. Bxf7+ Rxf7 27. Rxc8+ Rf8 28. Rxf8+ Kxf8 29. Kd2 a3 30. Ra1 Nxh2 31. Nc6 Rxb5 32. Rxa3 Ng4 33. Ra8+ Kf7 34. Ra7+ Kf6 35. e4 Rb2+ 36. Kc3 Rxg2 37. e5+ Kf5 38. Rf7+ Ke6 39. Nd8+ Kd5 40. Rxg7 h5 41. e6 Re2 0-1


[Site "https://www.chess.com"]

[Event "Titled Tuesday Blitz October 11 Late 2022"]
[White "Pasti, Aron"]
[Black "Keymer, Vincent"]
[WhiteFideId "785857"]
[BlackFideId "12940690"]
[WhiteElo "2250"]
[BlackElo "2600"]
[Result "1-0"]
[Round "05"]
[TimeControl "180+1"]
[Date "2022.10.11"]
[WhiteClock "0:00:10"]
[BlackClock "0:00:08"]

1. e4 c6 2. d4 d5 3. Nc3 dxe4 4. Nxe4 Nf6 5. Nxf6+ exf6 6. c3 Bd6 7. Bd3 O-O 8. Ne2 Re8 9. O-O Nd7 10. Ng3 Nf8 11. Nf5 Bc7 12. f4 Bxf5 13. Bxf5 g6 14. Bd3 f5 15. Qf3 Nd7 16. Be3 Nf6 17. Bf2 Qd6 18. g3 Ne4 19. Rfe1 Qd5 20. c4 Qe6 21. Re2 Qd7 22. Bxe4 fxe4 23. Rxe4 Rxe4 24. Qxe4 Re8 25. Qc2 Qg4 26. Re1 Rxe1+ 27. Bxe1 Qf3 28. Bf2 h5 29. Qc3 Qe2 30. h4 a6 31. a3 Bd6 32. a4 Qd1+ 33. Qe1 Qxa4 34. Qe8+ Kg7 35. Qe2 Qb3 36. Kg2 b5 37. d5 c5 38. cxb5 Qxd5+ 39. Qf3 Qxf3+ 40. Kxf3 axb5 41. Ke4 c4 42. Kd5 Be7 43. Bc5 Bf6 44. Bd4 Bxd4 45. Kxd4 Kf6 46. Kc5 Kf5 47. Kxb5 Kg4 48. Kxc4 Kxg3 49. b4 Kxh4 50. b5 Kg3 51. b6 h4 52. b7 h3 53. b8=Q h2 54. f5+ Kg2 55. Qb7+ Kg1 56. Qb1+ Kg2 57. Qc2+ Kg1 58. Qd1+ Kg2 59. Qe2+ Kg1 60. Qe1+ Kg2 61. Qe2+ Kg1 62. Qg4+ Kf2 63. Qh3 1-0


[Site "https://www.chess.com"]

[Event "Titled Tuesday Blitz October 11 Late 2022"]
[White "Perske, Thore"]
[Black "Osmonbekov, Talaibek"]
[WhiteFideId "12902195"]
[BlackFideId "2017253"]
[WhiteElo "2336"]
[BlackElo "2135"]
[Result "0-1"]
[Round "05"]
[TimeControl "180+1"]
[Date "2022.10.12"]
[WhiteClock "0:00:03"]
[BlackClock "0:00:07"]

1. e4 c5 2. Nf3 d6 3. g3 g6 4. Bg2 Bg7 5. O-O Nc6 6. d3 e6 7. c3 Nge7 8. d4 O-O 9. Re1 Rb8 10. Bf4 cxd4 11. cxd4 e5 12. Be3 f5 13. Nc3 f4 14. gxf4 exf4 15. Bc1 h6 16. d5 Ne5 17. Nxe5 Bxe5 18. Bf3 h5 19. Kh1 Kh7 20. Rg1 Ng8 21. Bd2 Qh4 22. Qe2 Nh6 23. Rg2 Bh3 24. Rgg1 Ng4 25. Bxg4 hxg4 26. f3 g3 27. Be1 Kg7 28. Rc1 Rbc8 29. Rc2 Rh8 30. Rc1 a6 31. a3 b5 32. Rd1 Qh5 33. Rd3 Bd7 34. Rg2 Bh3 35. Rg1 Qh4 36. Rd1 a5 37. Nxb5 g2+ 38. Rxg2 Bxg2+ 39. Qxg2 Qe7 40. Nc3 Qb7 41. Qg4 Rc7 42. Kg2 Qb3 43. Kf1 Qxb2 44. Ne2 Rxh2 45. Rd2 Qb5 46. Kg1 Rh5 47. Nxf4 Bxf4 48. Qxf4 Rf7 49. Qxd6 Rxf3 50. Qe7+ Rf7 51. Qe6 Qf1# 0-1


[Site "https://www.chess.com"]

[Event "Titled Tuesday Blitz October 11 Late 2022"]
[White "Pert, Richard G"]
[Black "Ardila, Oscar Humberto"]
[WhiteFideId "404748"]
[BlackFideId "4404742"]
[WhiteElo "2441"]
[BlackElo "1898"]
[Result "1-0"]
[Round "05"]
[TimeControl "180+1"]
[Date "2022.10.12"]
[WhiteClock "0:00:13"]
[BlackClock "0:00:18"]

1. d4 Nf6 2. Bg5 e6 3. e4 Be7 4. e5 Nd5 5. Bxe7 Nxe7 6. Qg4 Ng6 7. Nf3 d6 8. h4 h5 9. Qg3 Nc6 10. Bd3 Nce7 11. Nc3 b6 12. O-O-O O-O 13. Ne4 Nf5 14. Qh2 dxe5 15. dxe5 Qe7 16. Neg5 Bb7 17. Bxf5 exf5 18. Rhe1 Rad8 19. Nd4 Qc5 20. c3 Qa5 21. a3 c5 22. Nxf5 Qa4 23. Nd6 Qb3 24. Nxb7 Rxd1+ 25. Rxd1 Qa2 26. Nd6 b5 27. Ngxf7 b4 28. cxb4 cxb4 29. Qg3 bxa3 30. Qxa3 Qe6 31. g3 Nxe5 32. Nxe5 Qxe5 33. f4 Qe2 34. Qb3+ Kh8 35. Nf7+ Kh7 36. Ng5+ Kh8 37. Qc2 Qxc2+ 38. Kxc2 Rc8+ 39. Kb3 Kg8 40. Rd7 Rb8+ 41. Ka2 a5 42. Rd5 Ra8 43. Ka3 g6 44. Rd6 Kg7 45. Ka4 Rb8 46. b3 Rb4+ 47. Ka3 Rb5 48. Rd7+ Kf6 49. Rf7# 1-0


[Site "https://www.chess.com"]

[Event "Titled Tuesday Blitz October 11 Late 2022"]
[White "Petrova, Irina"]
[Black "Vargas, Mauricio"]
[WhiteFideId "14124122"]
[BlackFideId "4404572"]
[WhiteElo "2023"]
[BlackElo "2025"]
[Result "1-0"]
[Round "05"]
[TimeControl "180+1"]
[Date "2022.10.12"]
[WhiteClock "0:00:19"]
[BlackClock "0:00:12"]

1. e4 c6 2. d4 d5 3. Nc3 dxe4 4. Nxe4 Nf6 5. Nxf6+ exf6 6. Be3 Bd6 7. Bd3 Be6 8. Ne2 Nd7 9. Qd2 Qc7 10. Bf4 O-O-O 11. O-O g5 12. Bxd6 Qxd6 13. c4 h5 14. Rfc1 Rhg8 15. d5 Bg4 16. f3 c5 17. fxg4 hxg4 18. Bf5 Rh8 19. Ng3 Rh6 20. Re1 Rdh8 21. Bxd7+ Kxd7 22. Qe2 Rxh2 23. Qxg4+ Kc7 24. Re3 R8h4 25. Qe2 f5 26. Re1 f4 27. Re7+ Kb6 28. Qc2 fxg3 29. Qb3+ Ka6 30. Qb5# 1-0


[Site "https://www.chess.com"]

[Event "Titled Tuesday Blitz October 11 Late 2022"]
[White "Petrovic, Aleksa"]
[Black "Levitskiy, Andrey"]
[WhiteFideId "967629"]
[BlackFideId "14132885"]
[WhiteElo "2242"]
[BlackElo "2318"]
[Result "0-1"]
[Round "05"]
[TimeControl "180+1"]
[Date "2022.10.12"]
[WhiteClock "0:00:38"]
[BlackClock "0:00:50"]

1. d4 Nf6 2. c4 e6 3. Nf3 Bb4+ 4. Nbd2 d6 5. a3 Bxd2+ 6. Qxd2 Nbd7 7. b4 a5 8. Bb2 axb4 9. axb4 Rxa1+ 10. Bxa1 b5 11. cxb5 Nb6 12. e3 O-O 13. Bd3 Bb7 14. O-O Qd7 15. Qe2 Ne4 16. Nd2 Nxd2 17. Qxd2 Ra8 18. Bc3 Bd5 19. Ra1 Rxa1+ 20. Bxa1 Bc4 21. Bxc4 Nxc4 22. Qa2 Nb6 23. Qa6 h6 24. f3 Qe7 25. Bc3 Qg5 26. Kf2 Qd5 27. e4 Qc4 28. Bd2 Qc2 29. Ke1 Nc4 30. Bf4 Nb2 31. Bd2 Qd1+ 32. Kf2 Qxd2+ 33. Kg3 Nd3 34. Qc8+ Kh7 0-1


[Site "https://www.chess.com"]

[Event "Titled Tuesday Blitz October 11 Late 2022"]
[White "Poliakova, Varvara"]
[Black "Georgiadis, Ioannis"]
[WhiteFideId "13518313"]
[BlackFideId "4208900"]
[WhiteElo "1938"]
[BlackElo "2446"]
[Result "0-1"]
[Round "05"]
[TimeControl "180+1"]
[Date "2022.10.12"]
[WhiteClock "0:00:26"]
[BlackClock "0:00:46"]

1. e4 c6 2. d4 d5 3. Nd2 dxe4 4. Nxe4 Nf6 5. Nxf6+ exf6 6. c3 Bd6 7. Bd3 O-O 8. Qc2 Re8+ 9. Ne2 h5 10. Be3 Nd7 11. O-O-O Nf8 12. Ng3 g6 13. Bh6 f5 14. h4 Be6 15. Kb1 b5 16. Bg5 f6 17. Bh6 a5 18. Rhe1 Bxg3 19. fxg3 Qd5 20. b3 a4 21. b4 Bf7 22. Be2 Qxg2 23. Bf4 Qe4 24. Bd3 Qxe1 25. Rxe1 Rxe1+ 26. Bc1 Rae8 27. c4 Rg1 28. cxb5 cxb5 29. Kb2 a3+ 30. Kb1 Ree1 31. Bxb5 Rxc1+ 32. Qxc1 Bxa2+ 0-1


[Site "https://www.chess.com"]

[Event "Titled Tuesday Blitz October 11 Late 2022"]
[White "Prydun, Andriy"]
[Black "Urbina Perez, Juan Antonio"]
[WhiteFideId "14145898"]
[BlackFideId "2217368"]
[WhiteElo "2163"]
[BlackElo "2197"]
[Result "0-1"]
[Round "05"]
[TimeControl "180+1"]
[Date "2022.10.12"]
[WhiteClock "0:00:02"]
[BlackClock "0:00:17"]

1. e4 c5 2. Nf3 e6 3. g3 Nc6 4. Bg2 Nf6 5. Qe2 d6 6. b3 Be7 7. Bb2 O-O 8. g4 Nxg4 9. Rg1 Nge5 10. Na3 Bf6 11. c3 Nxf3+ 12. Bxf3 Rb8 13. Nc2 e5 14. Ne3 Be6 15. Qf1 b5 16. Qg2 c4 17. h4 a5 18. h5 cxb3 19. axb3 b4 20. c4 h6 21. Nd5 Bxd5 22. exd5 Nd4 23. Bxd4 exd4 24. Be4 Re8 25. d3 Qd7 26. Qf3 Re5 27. Rxa5 Rbe8 28. Kf1 Bg5 29. Qg3 f5 30. Bf3 f4 31. Qg4 Qf7 32. Kg2 Bd8 33. Kh2 Rg5 34. Qh3 Rxg1 35. Kxg1 Qf6 0-1


[Site "https://www.chess.com"]